 Dungeon Crawl Stone Soup version 0.31-a0-949-g57150269e1 (webtiles) character file.

Game seed: 2161830221183475768

1098 miscthings the Changeling (level 8, -4/76 HPs)
             Began as an Octopode Shapeshifter on Oct 22, 2023.
             Was a Follower of Makhleb.
             Slain by a hornet (5 damage)
             ... while paralysed by a hornet
             ... on level 5 of the Dungeon.
             The game lasted 00:07:43 (3293 turns).

miscthings the Changeling (Octopode Shapeshifter)   Turns: 3293, Time: 00:07:44

Health: -4/76      AC:  1    Str: 15    XL:     8   Next: 32%
Magic:  9/9        EV:  2    Int: 12    God:    Makhleb [*.....]
Gold:   192        SH:  0    Dex: 12    Spells: 7/7 levels left

rFire   . .          .
                       - Unarmed
rCold   . . .        k - +0 buckler
rNeg    . . .        (helmet currently unavailable)
rPois   .            o - amulet of the acrobat
rElec   .            n - +4 ring of slaying
rCorr   +            e - ring of willpower
SInv    .            j - ring of resist corrosion
Will    +....        (no ring) Stlth
                     (no ring)
HPRegen 0.32/turn    (no ring)
MPRegen 0.11/turn    (no ring)
                     (no ring)

%: acrobat
@: paralysed, berserking, lethally poisoned (-4 -> -7), beast-form, slowed
A: beast (slay +4), almost no armour, amphibious, 8 rings, camouflage 1,
gelatinous body 1, (nimble swimmer 1), tentacles
a: Begin Untransformation, Renounce Religion


You were on level 5 of the Dungeon.
You worshipped Makhleb.
Makhleb was aware of your devotion.
You were a hulking beast.
You visited 1 branch of the dungeon, and saw 5 of its levels.

You collected 192 gold pieces.

Inventory:

Missiles
 w - 3 javelins (quivered)
 x - 3 poisoned darts
Armour
 k - a +0 buckler (worn)
Magical Staves
 m - a staff of cold
Jewellery
 e - a ring of willpower (right tentacle)
 j - a ring of resist corrosion (on tentacle)
 n - a +4 ring of slaying (left tentacle)
 o - an amulet of the acrobat (around mantle)
 p - an amulet of faith
Talismans
 b - a beast talisman (active)
 c - a flux talisman
Scrolls
 a - a scroll of identify {@r1}
 g - 2 scrolls of enchant weapon
 h - a scroll of immolation {unknown}
 l - a scroll of fog {unknown}
 r - a scroll of noise {unknown}
 s - a scroll of vulnerability {unknown}
 u - a scroll of revelation {unknown}
Potions
 f - a potion of ambrosia
 i - a potion of brilliance {unknown}
 q - a potion of magic
 t - a potion of degeneration {unknown}
 v - 2 potions of enlightenment {unknown}


   Skills:
 + Level 2.4 Fighting
 + Level 3.0 Dodging
 + Level 0.6 Shields
 * Level 4.3 Unarmed Combat
 + Level 2.1 Invocations
 * Level 3.2 Evocations
 + Level 7.2 Shapeshifting


You had 7 spell levels left.
You didn't know any spells.
Your spell library contained the following spells:

 Spells                   Type           Power      Damage    Failure   Level
 Freeze                   Ice            0%         1d3       41%         1
 Frozen Ramparts          Ice            0%         1d1       80%         3
 Hailstorm                Conj/Ice       0%         3d3       80%         3
 Summon Guardian Golem    Hex/Summ       0%         N/A       80%         3
 Orb of Destruction       Conj           0%         9d5       100%        7
 Spellforged Servitor     Conj/Summ      0%         N/A       100%        7


Dungeon Overview and Level Annotations

Branches:
Dungeon (5/15)             Temple (0/1) D:4

Altars:
Makhleb
Yredelemnul

Shops:
D:1 (   D:3 [

Annotations:
D:3 1 runed translucent door, Stellion's ghost, amateur HOFi
D:5 1 exclusion, Ijyb


Innate Abilities, Weirdness & Mutations

You are a hulking beast.
Your limbs bulge with bestial killing power. (Slay +4)
You cannot wear most types of armour.
You are amphibious.
You can wear up to eight rings at the same time.
Your skin changes colour to match your surroundings (Stealth+).
Your rubbery body absorbs attacks. (AC +1, EV +1)
((You are camouflaged when in or above water. (Stealth+)))
You have tentacles for arms and can constrict up to eight enemies at once.


Message History

The hornet buzzes angrily.
Throw: 6 darts (poison)
Press: ? - help, Shift-Dir - straight line, f - hornet
Aim: a hornet (53% to hit)
You throw a poisoned dart.
The poisoned dart closely misses the hornet.
Throw: 5 darts (poison)
Press: ? - help, Shift-Dir - straight line, f/p - hornet
Aim: a hornet (53% to hit)
You throw a poisoned dart. The poisoned dart hits the hornet.
Throw: 4 darts (poison)
Press: ? - help, Shift-Dir - straight line, f/p - hornet
Aim: a hornet (53% to hit)
You throw a poisoned dart.
The poisoned dart barely misses the hornet.
The hornet stings you!!
You feel yourself slow down.
You bludgeon the hornet! You grab the hornet.
The hornet is moderately wounded.
You feel yourself speed up.
You constrict the hornet, but do no damage.
The hornet stings you!
You are poisoned.
You feel yourself slow down. The hornet closely misses you.
You tentacle-slap the hornet. You squeeze the hornet.
The hornet is heavily wounded.
You constrict the hornet, but do no damage.
You feel very sick. The hornet stings you!
* * * LOW HITPOINT WARNING * * *
You feel as though you will be slow longer.
The hornet barely misses you.
A red film seems to cover your vision as you go berserk!
You feel yourself moving faster!
You feel mighty!
You constrict the hornet.
* * * LOW HITPOINT WARNING * * *
You feel sick. The hornet misses you. The hornet stings you.
* * * LOW HITPOINT WARNING * * *
You suddenly lose the ability to move!
You lose your grip on the hornet.
* * * LOW HITPOINT WARNING * * *
You feel sick. The hornet stings you.
You die...

..#......# ..#......#
..##....###### #######
...##'###....# .......
...#....#....# ..[...(
...#....#....# .......
...#....#....# ......(
...'....#..(.##+#..(....
...######.......hy#
............รท.....#
..................#
..................#
[.................#
######'##.........#
........'.........##
..<...).#..........#
........#..........#


You could see a hornet.

Vanquished Creatures
  Pikel (D:5)
  Menkaure (D:5)
  A water moccasin (D:5)
  4 lemures
  Blork the orc (D:5)
  A scorpion (D:4)
  2 gnoll boudas
  A jelly (D:4)
  An iguana (D:3)
  10 gnolls
  3 adders
  A worm (D:2)
  2 dart slugs
  An orc (D:5)
  5 ball pythons
  4 bats
  5 endoplasms
  2 giant cockroaches (D:3)
  A goblin (D:4)
  5 hobgoblins
  4 jackals (D:2)
  5 quokkas
  A frilled lizard (D:2)
  3 kobolds
65 creatures vanquished.

Notes
Turn   | Place    | Note
-------+----------+-------------------------------------------
     0 | D:1      | miscthings the Octopode Shapeshifter began the quest for
                  | the Orb.
     0 | D:1      | Reached XP level 1. HP: 13/13 MP: 1/1
   556 | D:1      | Found Palouh's Weapon Shop.
   772 | D:2      | Reached XP level 2. HP: 18/18 MP: 2/2
   869 | D:2      | Identified the +0 robe of the Dwarven Hall {rElec Regen+
                  | rCorr Dex-4}
   904 | D:2      | Reached XP level 3. HP: 20/23 MP: 3/3
   906 | D:2      | Reached skill level 4 in Shapeshifting
  1232 | D:2      | Identified the +0 robe "Ugeumpye" {MP+9}
  1308 | D:3      | Found a runed translucent door.
  1316 | D:3      | Noticed Stellion's ghost (amateur HOFi)
  1357 | D:3      | Found a burning altar of Makhleb.
  1384 | D:3      | Became a worshipper of Makhleb the Destroyer
  1457 | D:3      | Reached XP level 4. HP: 13/28 MP: 4/4
  1474 | D:3      | Found Deodett's Antique Armour Boutique.
  1772 | D:4      | Found a basalt altar of Yredelemnul.
  1832 | D:4      | Reached skill level 5 in Shapeshifting
  1845 | D:4      | Reached XP level 5. HP: 16/33 MP: 5/5
  2104 | D:4      | Found a staircase to the Ecumenical Temple.
  2159 | D:5      | Entered Level 5 of the Dungeon
  2159 | D:5      | Noticed Blork the orc
  2162 | D:5      | Reached skill level 6 in Shapeshifting
  2162 | D:5      | Reached XP level 6. HP: 32/38 MP: 6/6
  2167 | D:5      | Killed Blork the orc
  2297 | D:5      | Noticed a water moccasin
  2317 | D:5      | Noticed Pikel
  2443 | D:5      | Killed Pikel
  2444 | D:5      | Reached skill level 7 in Shapeshifting
  2444 | D:5      | Reached skill level 1 in Invocations
  2444 | D:5      | Reached XP level 7. HP: 25/44 MP: 6/8
  2705 | D:5      | Reached * piety under Makhleb
  2706 | D:5      | Reached XP level 8. HP: 35/50 MP: 9/9
  2809 | D:5      | Noticed Ijyb
  2861 | D:5      | Noticed Menkaure
  2926 | D:5      | Killed Menkaure
  3285 | D:5      | Noticed a hornet
  3292 | D:5      | HP: 2/76 [hornet (3)]
  3292 | D:5      | Paralysed by a hornet for 3 turns
  3293 | D:5      | Slain by a hornet

Illustrated notes

Levels and vault maps discovered:
D:1:      amcnicky_arrival_underground_garden, layout_loops_cross, serial_shops,
          shop, chequers_decorated_corner, corner_web_ring
D:2:      layout_basic, hex_tiny
D:3:      layout_basic, mainiacjoe_overflow_concentric_impassable, serial_shops,
          shop, ebering_ghost_sewer_d
D:4:      layout_rooms, mainiacjoe_overflow_paths, minmay_temple_entry_ruins
D:5:      layout_gridville, chequers_arboretum, kennysheep_generic_room_7,
          uniq_ijyb, uniq_menkaure, uniq_blork_the_orc, uniq_pikel

Skill      XL: |  1  2  3  4  5  6  7  8 |
---------------+-------------------------+-----
Shapeshifting  | 4 5 6 7 |  7.2
Invocations    | 1 2 |  2.1
Evocations     | 2 3 |  3.2
Fighting       | 2 |  2.4
Unarmed Combat | 4 |  4.3
Dodging        | 3 |  3.0
Shields        | |  0.6

Action                     |  1- 3 |  4- 6 |  7- 9 || total
---------------------------+-------+-------+-------++-------
  Melee: Unarmed           |    37 |    66 |    27 ||   130
         Tentacles         |     9 |    20 |     5 ||    34
         Constrict         |     7 |    19 |    10 ||    36
         Punch             |     1 |     4 |     1 ||     6
  Throw: Dart              |       |       |     3 ||     3
    Use: Scroll            |     3 |     2 |       ||     5
         Potion            |       |     5 |     1 ||     6
   Stab: Sleeping          |     5 |     4 |     3 ||    12
         Distracted        |       |     1 |       ||     1
 Armour: Skin              |     7 |    30 |    14 ||    51
  Dodge: Dodged            |    16 |    34 |    15 ||    65
  Block: Buckler           |     3 |     8 |     2 ||    13

Table legend: (Time is in decaauts)
 A = Elapsed time spent in this place.
 B = Non-inter-level travel time spent in this place.
 C = Inter-level travel time spent in this place.
 D = Time resting spent in this place.
 E = Time spent auto-exploring this place.
 F = Levels seen in this place.
 G = Mean time per level.
                   A        B        C        D        E       F      G
               +--------+--------+--------+--------+--------+-----+--------+
         Total |   3292 |   3194 |     98 |    360 |   2131 |   5 |  658.4 |
       Dungeon |   3292 |   3194 |     98 |    360 |   2131 |   5 |  658.4 |
               +--------+--------+--------+--------+--------+-----+--------+

Top non-repeatable levels by time:
     D:5: 829 daAuts
     D:4: 706 daAuts
     D:1: 678 daAuts
     D:2: 577 daAuts
     D:3: 501 daAuts
